 Dungeon Crawl Stone Soup version 0.19-a0-465-g1d1674b (webtiles) character file.

877 Skanax the Purveyor of Pain (level 7, -1/46 HPs)
             Began as a Demonspawn Necromancer on June 3, 2016.
             Was an Initiate of Kikubaaqudgha.
             Slain by a killer bee zombie (2 damage)
             ... on level 5 of the Dungeon.
             The game lasted 00:27:20 (5594 turns).

Skanax the Purveyor of Pain (DsNe)                  Turns: 5594, Time: 00:27:21

Health: -1/46      AC:  6    Str:  8    XL:     7   Next: 75%
Magic:  2/15       EV: 14    Int: 19    God:    Kikubaaqudgha [......]
Gold:   279        SH:  0    Dex: 13    Spells: 4 memorised, 8 levels left

rFire  + . .     SeeInvis .     (no weapon)
rCold  x . .     Gourm    .     a - +1 robe
rNeg   . . .     Faith    .     (no shield)
rPois  .         Spirit   .     (no helmet)
rElec  .         Dismiss  .     m - +0 cloak
rCorr  .         Reflect  .     (no gloves)
SustAt .         Harm     .     f - +0 pair of boots
MR     .....                    (no amulet)
Stlth  ++++......               k - ring of fire
                                i - ring of stealth

@: not resistant to hostile enchantments, stealthy
A: claws 2, molten scales 1, nightstalker 1
a: Renounce Religion


You were on level 5 of the Dungeon.
You worshipped Kikubaaqudgha.
Kikubaaqudgha was noncommittal.
You were not hungry.

You visited 2 branches of the dungeon, and saw 6 of its levels.

You collected 279 gold pieces.

Inventory:

Hand Weapons
 d - a +0 dagger
Armour
 a - a +1 robe (worn)
 f - a +0 pair of boots (worn)
 m - a +0 cloak (worn)
Jewellery
 i - a ring of stealth (left claw)
 k - a ring of fire (right claw)
Wands
 l - a wand of slowing (28/48)
Scrolls
 e - 6 scrolls of identify
 g - a scroll of teleportation
Potions
 h - 3 potions of curing
 n - a potion of magic
Books
 b - a book of Necromancy

   Spells                             Type                      Level
   a - Pain                           Necromancy                   1
   b - Animate Skeleton               Necromancy                   1
   c - Vampiric Draining              Necromancy                   3
   d - Regeneration                   Charms/Necromancy            3
   e - Animate Dead                   Necromancy                   4
   f - Control Undead                 Necromancy                   4
 j - a book of the Earth

   Spells                             Type                      Level
   a - Leda's Liquefaction            Hexes/Earth                  4
   b - Bolt of Magma                  Conjuration/Fire/Earth       5
   c - Statue Form                    Transmutation/Earth          6
   d - Iron Shot                      Conjuration/Earth            6
   e - Shatter                        Earth                        9


   Skills:
 + Level 0.0 Fighting
 + Level 4.2 Dodging
 - Level 1.7 Stealth
 * Level 5.9 Spellcasting
 + Level 6.7 Necromancy


You had 8 spell levels left.
You knew the following spells:

 Your Spells              Type           Power        Failure   Level  Hunger
a - Pain                  Necr           ####         1%          1    None
b - Animate Skeleton      Necr           N/A          1%          1    None
c - Regeneration          Chrm/Necr      ###.......   12%         3    ##.....
d - Animate Dead          Necr           N/A          10%         4    ####...


Dungeon Overview and Level Annotations

Branches:
Dungeon (5/15)             Temple (1/1) D:4

Altars:
Elyvilon
Gozag
Kikubaaqudgha
Qazlal
Sif Muna
Trog
Vehumet
Xom
Yredelemnul
Zin

Shops:
D:3 *

Annotations:
D:4 exclusion: statue


Innate Abilities, Weirdness & Mutations

You have very sharp fingernails.
You are partially covered in molten scales. (AC +1)
You are slightly more attuned to the shadows.


Message History

You scratch the killer bee zombie but do no damage.
The killer bee zombie hits you. x2
You closely miss the killer bee zombie. The killer bee zombie misses you.
The killer bee zombie hits you.
You scratch the killer bee zombie.
The killer bee zombie hits you but does no damage.
The killer bee zombie hits you.
* * * LOW HITPOINT WARNING * * *
A centaur comes into view.
The centaur shouts!
You scratch the killer bee zombie.
Your skin stops crawling.
The killer bee zombie hits you but does no damage.
The killer bee zombie hits you.
* * * LOW HITPOINT WARNING * * *
The killer bee zombie hits you!
* * * LOW HITPOINT WARNING * * *
The killer bee zombie hits you.
You die...
Kikubaaqudgha rasps: "You have failed me!
Welcome... death!"

#.###.....# #.#
#.......### #.#
........# #.#
######.## #.# #.#
#.# #.# #.# #.#
##### #.# #.#
#...###.# #@#
#.......# .#####Z#
#....####
#.(c...#######.#.##
#.#######.........#
#..#####...#
##.##._.##..#
....##.##...#
#..........##
#..8.....8.####


You could see a killer bee zombie.

Vanquished Creatures
  An ice beast (D:5)
  An ogre (D:4)
  A centaur (D:5)
  A jelly (D:5)
  3 orc wizards
  A hound (D:4)
  An iguana (D:4)
  Natasha (twice) (D:2)
  A worker ant (D:4)
  A howler monkey zombie (D:5)
  9 gnolls
  6 adders
  An adder zombie (D:5)
  3 worms
  2 dart slugs
  3 giant geckos
  An orc (D:5)
  A ball python (D:3)
  5 giant cockroaches
  11 goblins
  10 hobgoblins
  A ball python skeleton (D:4)
  6 bats
  4 giant newts
  A jackal zombie (D:5)
  2 kobolds (D:1)
  6 rats
85 creatures vanquished.

Vanquished Creatures (collateral kills)
  A centaur (D:5)
  An orc wizard (D:5)
  Natasha (D:2)
  A worker ant (D:4)
  2 gnolls
  An adder (D:5)
  A worm (D:4)
  A dart slug (D:1)
  A giant gecko (D:5)
  An orc (D:5)
  A giant gecko skeleton (D:4)
  A quokka skeleton (D:4)
  A rat (D:3)
14 creatures vanquished.

Grand Total: 99 creatures vanquished

Notes
Turn   | Place    | Note
--------------------------------------------------------------
     0 | D:1      | Skanax the Demonspawn Necromancer began the quest for the Orb.
     0 | D:1      | Reached XP level 1. HP: 13/13 MP: 3/3
     2 | D:1      | Learned a level 1 spell: Animate Skeleton
   299 | D:1      | Gained mutation: You are partially covered in molten scales. (AC +1) [demonic ancestry]
   299 | D:1      | Reached XP level 2. HP: 19/19 MP: 3/5
  1126 | D:2      | Gained mutation: You have sharp fingernails. [demonic ancestry]
  1126 | D:2      | Reached XP level 3. HP: 20/24 MP: 0/6
  1131 | D:2      | Learned a level 3 spell: Regeneration
  1248 | D:2      | Noticed Natasha
  1250 | D:2      | Reached skill level 5 in Necromancy
  1259 | D:2      | Killed Natasha
  1276 | D:2      | Noticed Natasha
  1290 | D:2      | Killed Natasha
  1290 | D:2      | Reached XP level 4. HP: 20/30 MP: 1/8
  1296 | D:2      | Learned a level 4 spell: Animate Dead
  1645 | D:2      | Noticed Natasha
  1649 | D:2      | Killed Natasha
  1872 | D:3      | Found Gozag's Platinum Reserve.
  1872 | D:3      | Found an opulent altar of Gozag.
  1936 | D:3      | Found a shimmering altar of Xom.
  2240 | D:3      | Found a faded altar of an unknown god.
  2253 | D:2      | Reached XP level 5. HP: 8/35 MP: 0/10
  3375 | D:3      | Found a deep blue altar of Sif Muna.
  3388 | D:3      | Gained mutation: You are slightly more attuned to the shadows. [demonic ancestry]
  3388 | D:3      | Reached XP level 6. HP: 25/41 MP: 5/12
  3558 | D:4      | Found a stormy altar of Qazlal.
  3798 | D:4      | Found a radiant altar of Vehumet.
  4130 | D:4      | Found a basalt altar of Yredelemnul.
  4158 | D:4      | Reached skill level 6 in Necromancy
  4484 | D:4      | Found a staircase to the Ecumenical Temple.
  4505 | Temple   | Entered the Ecumenical Temple
  4529 | Temple   | Became a worshipper of Kikubaaqudgha
  4781 | D:5      | Entered Level 5 of the Dungeon
  4786 | D:5      | Reached skill level 5 in Spellcasting
  4786 | D:5      | Gained mutation: You have very sharp fingernails. [demonic ancestry]
  4786 | D:5      | Reached XP level 7. HP: 37/46 MP: 5/14
  5386 | D:5      | Found a glowing silver altar of Zin.
  5593 | D:5      | HP: 1/46 [killer bee zombie (8)]
  5594 | D:5      | Slain by a killer bee zombie

Vault maps used:
D:1:      nicolae_arrival_somewhat_less_tricky_arrival, hangedman_decor_lopped
D:2:      serial_curves, eino_curves_01, eino_curves_02, uniq_natasha
D:3:      lemuel_crystal_altar, nicolae_gozag_zags_fifth_avenue, first_bread,
          ecumenical_altar_2, minmay_misc_feat_chi, nrook_mini_vaults,
          led_sif_book
D:4:      vehumet_statue, marbit_many_paths, minmay_temple_entry_nine_rooms,
          kennysheep_pointless_box, st_stairs_10, minmay_crystal_water,
          grunt_decor_cap, grunt_qazlal_clouds
D:5:      makhleb_grotto_becter, zin_statuary, serial_shops,
          kennysheep_mini_moat, minmay_misc_feat_rugged
Temple:   circular_temple_pool_8

Skill      XL: |  1  2  3  4  5  6  7 |
---------------+----------------------+-----
Dodging        | 2 3 4 |  4.2
Necromancy     | 5 6 |  6.7
Spellcasting   | 3 4 5 |  5.9
Stealth        | |  1.7

Action                   |  1- 3 |  4- 6 |  7- 9 || total
-------------------------+-------+-------+-------++-------
Melee: Unarmed           |     8 |    22 |    44 ||    74
Throw: Throwing net      |       |     4 |       ||     4
 Cast: Pain              |    47 |   120 |    54 ||   221
       Animate Skeleton  |    12 |     1 |       ||    13
       Animate Dead      |       |    14 |     5 ||    19
       Regeneration      |       |     5 |     4 ||     9
  Use: Scroll            |     4 |    10 |     1 ||    15
       Potion            |       |     5 |     3 ||     8
 Stab: Distracted        |     1 |       |     1 ||     2
       Sleeping          |       |       |     1 ||     1
  Eat: Chunk             |     2 |     2 |       ||     4
       Bread ration      |       |     3 |     1 ||     4
Armor: Robe              |       |    12 |    21 ||    33
Dodge: Dodged            |     8 |    35 |    49 ||    92
